 Dungeon Crawl Stone Soup version 0.29.1-12-g30fa7ad0bf (webtiles) character file.

Game seed: 4943787859633320232

33 safid the Shooter (level 3, -2/31 HPs)
             Began as a Minotaur Hunter on Dec 13, 2022.
             Slain by a goblin
             ... wielding a +0 club
             ... led by Robin
              (4 damage)
             ... on level 2 of the Dungeon.
             The game lasted 00:01:52 (754 turns).

safid the Shooter (Minotaur Hunter)                  Turns: 754, Time: 00:01:53

Health: -2/31      AC:  5    Str: 12    XL:     3   Next: 12%
Magic:  2/2        EV: 11    Int: 10    God:
Gold:   62         SH:  0    Dex: 12    Spells: 2/2 levels left

rFire   . . .      SeeInvis .   a - +0 shortbow
rCold   . . .      Faith    .   (shield currently unavailable)
rNeg    . . .      Spirit   .   c - +0 leather armour
rPois   .          Reflect  .   (helmet restricted)
rElec   .          Harm     .   (no cloak)
rCorr   .          Rampage  .   (no gloves)
Will    .....                   (no boots)
Stlth   +.........              (no amulet)
HPRegen 0.10/turn               (no ring)
MPRegen 0.08/turn               (no ring)

@: brilliant
A: horns 2, retaliatory headbutt, iridescent scales 1, clever 1, clumsy 1, weak
1
a: no special abilities


You were on level 2 of the Dungeon.
You visited 1 branch of the dungeon, and saw 2 of its levels.

You collected 62 gold pieces.

Inventory:

Hand Weapons
 a - a +0 shortbow (weapon)
Armour
 c - a +0 leather armour (worn)
Jewellery
 g - a ring of wizardry
Scrolls
 b - a scroll of immolation
 e - a scroll of enchant armour {unknown}
 f - a scroll of identify {unknown}


   Skills:
 + Level 3.5 Fighting
 + Level 5.0 Ranged Weapons
 - Level 2.1 Dodging
 - Level 0.7 Stealth


You had 2 spell levels left.
You didn't know any spells.
Your spell library contained the following spells:

 Spells                   Type           Power      Damage    Failure   Level
 Poisonous Vapours        Pois/Air       0%         N/A       58%         2
 Corpse Rot               Necr/Pois/Air  0%         N/A       99%         4


Dungeon Overview and Level Annotations

Branches:
Dungeon (2/15)

Altars:
Makhleb

Annotations:
D:2 Robin


Innate Abilities, Weirdness & Mutations

You have a pair of horns on your head.
You reflexively headbutt those who attack you in melee.
You are partially covered in iridescent scales. (AC +2)
Your mind is acute. (Int +4, Str/Dex -1)
You are clumsy. (Dex -2)
You are weak. (Str -2)


Message History

Aim: a goblin, wielding a +2 dagger of venom (55% to hit)
You shoot an arrow. The arrow hits the goblin!
You kill the goblin!
You feel sick.
Fire: a) +0 shortbow
Press: ? - help, Q - select action Shift-Dir - straight line, f - goblin
Aim: a goblin, wielding a +0 dagger (strong, 55% to hit)
You shoot an arrow. The arrow hits the goblin!
You kill the goblin!
You feel sick.
It was a potion of mutation.
You feel extremely strange.
You feel weaker.
You feel clumsy.
Iridescent scales grow over part of your body.
You feel clever.
You feel sick. The goblin hits you with a +0 club.
* * * LOW HITPOINT WARNING * * *
It was a potion of brilliance.
You feel clever all of a sudden.
You feel sick.
You are no longer poisoned.
The goblin hits you with a +0 club.
* * * LOW HITPOINT WARNING * * *
Fire: a) +0 shortbow
Press: ? - help, Q - select action Shift-Dir - straight line, f - goblin
Aim: a goblin, wielding a +0 club (strong, 53% to hit)
You shoot an arrow. The arrow closely misses the goblin.
The arrow hits the goblin but does no damage.
The goblin hits you but does no damage. The goblin hits you with a +0 club.
* * * LOW HITPOINT WARNING * * *
Fire: a) +0 shortbow
Press: ? - help, Q - select action Shift-Dir - straight line, f/p - goblin
Aim: a goblin, wielding a +0 club (strong, 53% to hit)
You shoot an arrow. The arrow closely misses the goblin. x2
The arrow hits the goblin.
You kill the goblin!
The goblin no longer looks unusually strong.
The hobgoblin no longer looks unusually strong.
The goblin no longer looks unusually strong.
The goblin hits you with a +0 club.
You die...

#.........#
.>.....
#.#######.#
#...gg. #.# #.#
#...... #.# #.#
#.gK..g #.# #.#
..g.. #.# #.#
g.. #.# #.#
###'#######.#
#.#
##...g.Kgg@..#
#.#
.........g######
#.# ..........#
#.# ..........#
#.# ..........#
#.# ..........#
#.# ..........#
#.# #+##.##'###
#.# #. #. #.#


You could see a hobgoblin, 3 goblins and a kobold.

Vanquished Creatures
  An adder (D:2)
  4 ball pythons (D:1)
  3 bats
  An endoplasm (D:1)
  A giant cockroach (D:1)
  7 goblins
  A hobgoblin (D:1)
  2 kobolds (D:1)
  3 rats (D:1)
23 creatures vanquished.

Notes
Turn   | Place    | Note
-------+----------+-------------------------------------------
     0 | D:1      | safid the Minotaur Hunter began the quest for the Orb.
     0 | D:1      | Reached XP level 1. HP: 18/18 MP: 0/0
   276 | D:1      | Reached XP level 2. HP: 25/25 MP: 1/1
   455 | D:1      | Found a faded altar of an unknown god.
   655 | D:2      | Reached skill level 5 in Ranged Weapons
   655 | D:2      | Reached XP level 3. HP: 31/31 MP: 2/2
   684 | D:2      | Found a burning altar of Makhleb.
   742 | D:2      | Noticed Robin
   751 | D:2      | Gained mutation: You are weak. (Str -2) [potion of
                  | mutation]
   751 | D:2      | Gained mutation: You are clumsy. (Dex -2) [potion of
                  | mutation]
   751 | D:2      | Gained mutation: You are partially covered in iridescent
                  | scales. (AC +2) [potion of mutation]
   751 | D:2      | Gained mutation: Your mind is acute. (Int +4, Str/Dex -1)
                  | [potion of mutation]
   754 | D:2      | Slain by a goblin

Illustrated notes

Levels and vault maps discovered:
D:1:      lordsloth_arrival_two_stooges, layout_basic,
          nicolae_ecumenical_snake_handling, minmay_crystal_water,
          minmay_tromino_v4_a
D:2:      layout_basic, basic_altar, minmay_misc_feat_plants, uniq_robin

Skill      XL: |  1  2 |
---------------+-------+-----
Fighting       | 3 |  3.5
Ranged Weapons | 5 |  5.0
Dodging        | |  2.1
Stealth        | |  0.7

Action                   || total
-------------------------++-------
 Fire: Shortbow          ||    51
  Use: Potion            ||     2
Armor: Leather armour    ||     6
Dodge: Dodged            ||    14
